 Dungeon Crawl Stone Soup version 0.19.1 (webtiles) character file.

197 Ladykiller69 the Shield-Bearer (level 6, -3/48 HPs)
             Began as a Formicid Fighter on Dec 16, 2016.
             Slain by Edmund
             ... wielding a +3 dire flail of venom
              (11 damage)
             ... on level 4 of the Dungeon.
             The game lasted 00:04:51 (2725 turns).

Ladykiller69 the Shield-Bearer (Formicid Fighter)   Turns: 2725, Time: 00:04:52

Health: -3/48      AC:  7    Str: 18 (21) XL:     6   Next: 5%
Magic:  15/15      EV:  8    Int: 12 (14) God:
Gold:   70         SH:  9    Dex:  9 (10) Spells: 0 memorised, 5 levels left

rFire  . . .     SeeInvis +     a - +0 war axe
rCold  . . .     Gourm    .     b - +0 scale mail
rNeg   . . .     Faith    .     c - +0 shield
rPois  .         Spirit   .     (helmet unavailable)
rElec  .         Reflect  .     (no cloak)
rCorr  .         Harm     .     (no gloves)
MR     .....                    (no boots)
Stlth  ..........               (no amulet)
                                s - ring of magical power
                                j - ring of flight

@: brilliant, lethally poisoned (-3 -> -32)
A: permanent stasis, dig shafts and tunnels, four strong arms, antennae 3
a: Dig, Shaft Self, Evoke Flight


You were on level 4 of the Dungeon.
You were not hungry.

You visited 1 branch of the dungeon, and saw 4 of its levels.

You collected 70 gold pieces.

Inventory:

Hand Weapons
 a - a +0 war axe (weapon)
Missiles
 t - 78 stones (quivered)
Armour
 b - a +0 scale mail (worn)
 c - a +0 shield (worn)
Jewellery
 j - a ring of flight (left hand)
 s - a ring of magical power (right hand)
Scrolls
 k - a scroll of remove curse
Potions
 d - a potion of might
 h - 2 potions of mutation
Comestibles
 f - 3 bread rations
 g - 4 meat rations
 m - a royal jelly
 n - 5 fruits
 p - a chunk of flesh


   Skills:
 - Level 4.0 Fighting
 * Level 4.1 Axes
 + Level 4.0 Armour
 + Level 4.9 Shields


You had 5 spell levels left.
You didn't know any spells.

Dungeon Overview and Level Annotations

Branches:
Dungeon (4/15)
 Temple: D:4-7

Altars:

Annotations:
D:4 Edmund


Innate Abilities, Weirdness & Mutations

You are under a permanent stasis effect.
You can dig through walls and to a lower floor.
Your four strong arms can wield two-handed weapons with a shield.
You have a pair of large antennae on your head. (SInv)


Message History

Edmund hits you with a dire flail of venom.
You are lethally poisoned!
You hit Edmund.
Edmund is heavily wounded.
You feel very sick. You block Edmund's attack.
Edmund hits you with a dire flail of venom!
You hit Edmund but do no damage.
Edmund is heavily wounded.
* * * LOW HITPOINT WARNING * * *
You feel very sick. You block Edmund's attack.
An adder skeleton comes into view.
You hit Edmund.
Edmund is severely wounded.
You hear the slow hiss of a very distant avalanche of sand.
* * * LOW HITPOINT WARNING * * *
You feel very sick.
Edmund hits you with a dire flail of venom!
You die...

..........#..###..#
............#..# ..
............#..# .
...Z........#..#
............#..#
...........##..#
...........##..#
...............#
...!...@@.#....#
......†...##.......
.........###.....##
......#### ......#
##.### ...#..# #
[.##...# .# ....


You could see Edmund and an adder skeleton.

Vanquished Creatures
  A howler monkey (D:4)
  An orc wizard (D:3)
  2 adders
  3 oozes
  An adder zombie (D:4)
  5 worms
  2 dart slugs (D:3)
  A leopard gecko (D:2)
  10 orcs (D:3)
  6 bats
  4 giant cockroaches
  8 goblins
  10 hobgoblins
  A quokka (D:3)
  A ball python (D:2)
  3 frilled lizards
  4 kobolds
  A quokka skeleton (D:4)
  6 rats
70 creatures vanquished.

Notes
Turn   | Place    | Note
-------+----------+-------------------------------------------
     0 | D:1      | Ladykiller69 the Formicid Fighter began the quest for the Orb.
     0 | D:1      | Reached XP level 1. HP: 18/18 MP: 1/1
    59 | D:1      | Reached XP level 2. HP: 11/24 MP: 2/2
   657 | D:1      | Reached XP level 3. HP: 29/29 MP: 3/3
  1400 | D:2      | Reached XP level 4. HP: 35/35 MP: 4/4
  2200 | D:3      | Reached XP level 5. HP: 30/42 MP: 5/5
  2707 | D:4      | Reached XP level 6. HP: 48/48 MP: 6/6
  2709 | D:4      | Noticed Edmund
  2725 | D:4      | Slain by Edmund

Skill      XL: |  1  2  3  4  5 |
---------------+----------------+-----
Shields        | 4 |  4.9
Axes           | 3 4 |  4.1
Fighting       | 4 |  4.0
Armour         | 4 |  4.0

Action                   |  1- 3 |  4- 6 || total
-------------------------+-------+-------++-------
Melee: War axe           |    84 |   114 ||   198
  Use: Scroll            |       |     6 ||     6
       Potion            |       |     5 ||     5
  Eat: Chunk             |     2 |     4 ||     6
Armor: Scale mail        |    26 |    46 ||    72
Dodge: Dodged            |    30 |    48 ||    78
Block: Shield            |    38 |    65 ||   103
